IL
TOLEDO MUD HENS @ ROCHESTER RED WINGS
09/23/2045
 
TOP OF THE 1ST
Toledo Mud Hens batting - Pitching for Rochester Red Wings : RHP Rich Nunez
Pitching: RHP Rich Nunez
Batting: LHB Jamel Alexander 0-0: Ground out 4-3 (Groundball, 4, EV 100.0 MPH)
Batting: RHB Ken DiFerdinando 0-0: Called Strike
0-1: Ball
1-1: Fly out, F7 (Line Drive, 7, EV 102.5 MPH)
Batting: LHB Conrad Taylor 0-0: Swinging Strike
0-1: Ball
1-1: Swinging Strike
1-2: Ball
2-2: Foul Ball, location: 2F
2-2: Foul Ball, location: 2F
2-2: Foul Ball, location: 2F
2-2: Fly out, F9 (Flyball, 89S, EV 95.0 MPH)
Top of the 1st over - 0 runs, 0 hits, 0 errors, 0 left on base; Toledo 0 - Rochester 0
BOTTOM OF THE 1ST
Rochester Red Wings batting - Pitching for Toledo Mud Hens : LHP John McRight
Pitching: LHP John McRight
Batting: RHB J.J. Powers 0-0: Ball
1-0: Foul Ball, location: 2F
1-1: Swinging Strike
1-2: Foul Ball, location: 2F
1-2: Strikes out swinging
Batting: RHB Josh Zoglmann 0-0: Fly out, F8 (Flyball, 89D, EV 99.4 MPH)
Batting: LHB Matt Patnaude 0-0: Ball
1-0: Ball
2-0: Swinging Strike
2-1: Foul Ball, location: 2F
2-2: Foul Ball, location: 2F
2-2: Foul Ball, location: 2F
2-2: Foul Ball, location: 2F
2-2: Ground out 4-3 (Groundball, 4, EV 103.1 MPH)
Bottom of the 1st over - 0 runs, 0 hits, 0 errors, 0 left on base; Toledo 0 - Rochester 0
TOP OF THE 2ND
Toledo Mud Hens batting - Pitching for Rochester Red Wings : RHP Rich Nunez
Batting: LHB Andy Schumacher 0-0: Ball
1-0: Foul Ball, location: 2F
1-1: SINGLE (Flyball, 8RS, EV 98.1 MPH)
Batting: RHB Tim Borden 0-0: Called Strike
0-1: Swinging Strike
0-2: Ball
1-2: Ball
2-2: Foul Ball, location: 2F
2-2: Strikes out swinging
Batting: LHB Frank McConnell 0-0: Fly out, F4 (Popup, 4D, EV 44.4 MPH)
Batting: SHB Raul Morales 0-0: Ball
1-0: Ground out 4-3 (Groundball, 4, EV 102.5 MPH)
Top of the 2nd over - 0 runs, 1 hit, 0 errors, 1 left on base; Toledo 0 - Rochester 0
BOTTOM OF THE 2ND
Rochester Red Wings batting - Pitching for Toledo Mud Hens : LHP John McRight
Batting: LHB Armando Rendon 0-0: Fly out, F7 (Flyball, 78XD, EV 90.6 MPH)
Batting: SHB Aaron Tatar 0-0: Called Strike
0-1: Ball
1-1: Called Strike
1-2: Ball
2-2: Foul Ball, location: 2F
2-2: Fly out, F9 (Flyball, 9, EV 94.4 MPH)
Batting: RHB Joe Zimmerman 0-0: Called Strike
0-1: Called Strike
0-2: Ball
1-2: SINGLE (Flyball, 5D, EV 91.9 MPH)
Batting: RHB Cesar Yega 0-0: Ball
Joe Zimmerman steals 2nd base
1-0: Foul Ball, location: 2F
1-1: Ball
2-1: Called Strike
2-2: Strikes out swinging
Bottom of the 2nd over - 0 runs, 1 hit, 0 errors, 1 left on base; Toledo 0 - Rochester 0
TOP OF THE 3RD
Toledo Mud Hens batting - Pitching for Rochester Red Wings : RHP Rich Nunez
Batting: RHB Casey Knutson 0-0: Ball
1-0: Foul Ball, location: 2F
1-1: DOUBLE (Line Drive, 89D, EV 103.1 MPH)
Batting: RHB Josh Stinnett 0-0: Ball
1-0: Ball
2-0: Ball
3-0: Base on Balls
Batting: LHB Jamel Alexander 0-0: Called Strike
0-1: Ball
1-1: Ball
2-1: Ball
3-1: Base on Balls
Casey Knutson to third
Josh Stinnett to second
Batting: RHB Ken DiFerdinando 0-0: Ball
1-0: Ball
Wild Pitch!
Casey Knutson scores
Josh Stinnett to third
Jamel Alexander to second
2-0: SINGLE (Line Drive, 34D, EV 101.9 MPH)
Josh Stinnett scores
Jamel Alexander to third
Batting: LHB Conrad Taylor 0-0: Called Strike
0-1: Ball
Ken DiFerdinando is caught stealing 2nd base 2-6
1-1: Ball
2-1: Swinging Strike
2-2: Strikes out swinging
Batting: LHB Andy Schumacher 0-0: Called Strike
0-1: Ball
1-1: Swinging Strike
1-2: Ground out 5-3 (Groundball, 56, EV 91.2 MPH)
Top of the 3rd over - 2 runs, 2 hits, 0 errors, 1 left on base; Toledo 2 - Rochester 0
BOTTOM OF THE 3RD
Rochester Red Wings batting - Pitching for Toledo Mud Hens : LHP John McRight
Batting: RHB Brett Steele 0-0: Foul Ball, location: 2F
0-1: Ball
1-1: Ball
2-1: Ball
3-1: Base on Balls
Batting: RHB Alvin Wiederhold 0-0: Ball
1-0: Ball
2-0: Foul Ball, location: 2F
2-1: Ball
3-1: Called Strike
3-2: Strikes out swinging
Batting: RHB J.J. Powers 0-0: Ball
1-0: Foul Ball, location: 2F
1-1: Ball
2-1: Foul Ball, location: 2F
2-2: Ball
3-2: Strikes out swinging
Batting: RHB Josh Zoglmann 0-0: SINGLE (Groundball, 56D, EV 109.4 MPH)
Brett Steele to second
Batting: LHB Matt Patnaude 0-0: Foul Ball, location: 2F
0-1: Ground out 4-3 (Groundball, 34, EV 80.6 MPH)
Bottom of the 3rd over - 0 runs, 1 hit, 0 errors, 2 left on base; Toledo 2 - Rochester 0
TOP OF THE 4TH
Toledo Mud Hens batting - Pitching for Rochester Red Wings : RHP Rich Nunez
Batting: RHB Tim Borden 0-0: Ball
1-0: Called Strike
1-1: Ball
2-1: Called Strike
2-2: Ball
3-2: Base on Balls
Batting: LHB Frank McConnell 0-0: 2-RUN HOME RUN (Flyball, 9D, EV 100.6 MPH), Distance : 395 ft
Batting: SHB Raul Morales 0-0: Called Strike
0-1: SOLO HOME RUN (Flyball, 89XD, EV 99.4 MPH), Distance : 390 ft
Batting: RHB Casey Knutson 0-0: Ball
1-0: Ball
2-0: Foul Ball, location: 2F
2-1: Foul Ball, location: 2F
2-2: Foul Ball, location: 2F
2-2: Ground out 6-3 (Groundball, 6, EV 86.9 MPH)
Batting: RHB Josh Stinnett 0-0: SINGLE (Groundball, 56S, EV 65.6 MPH) (infield hit)
Batting: LHB Jamel Alexander 0-0: Called Strike
0-1: Swinging Strike
0-2: Ball
1-2: Ball
2-2: Strikes out swinging
Pitching: LHP Pete Zamarron
Batting: RHB Ken DiFerdinando 0-0: Called Strike
0-1: Ball
1-1: Ball
2-1: Called Strike
2-2: Foul Ball, location: 2F
2-2: Foul Ball, location: 2F
2-2: Strikes out swinging
Top of the 4th over - 3 runs, 3 hits, 0 errors, 1 left on base; Toledo 5 - Rochester 0
BOTTOM OF THE 4TH
Rochester Red Wings batting - Pitching for Toledo Mud Hens : LHP John McRight
Batting: LHB Armando Rendon 0-0: SINGLE (Line Drive, 9LS, EV 113.1 MPH)
Batting: SHB Aaron Tatar 0-0: Foul Ball, location: 2F
0-1: Ball
1-1: Called Strike
1-2: Strikes out looking
Batting: RHB Joe Zimmerman 0-0: Called Strike
0-1: Foul Ball, location: 2F
0-2: Strikes out swinging
Batting: RHB Cesar Yega 0-0: Ball
1-0: Ball
2-0: Ball
3-0: Foul Ball, location: 2F
3-1: Ground out 5-3 (Groundball, 56S, EV 86.2 MPH)
Bottom of the 4th over - 0 runs, 1 hit, 0 errors, 1 left on base; Toledo 5 - Rochester 0
TOP OF THE 5TH
Toledo Mud Hens batting - Pitching for Rochester Red Wings : LHP Pete Zamarron
Batting: LHB Conrad Taylor 0-0: Ball
1-0: Called Strike
1-1: Called Strike
1-2: Foul Ball, location: 2F
1-2: Ground out U3 (Groundball, 34, EV 102.5 MPH)
Batting: LHB Andy Schumacher 0-0: Ball
1-0: Ball
2-0: Called Strike
2-1: SOLO HOME RUN (Flyball, 9D, EV 101.9 MPH), Distance : 381 ft
Batting: RHB Tim Borden 0-0: Ball
1-0: Called Strike
1-1: Swinging Strike
1-2: Ball
2-2: Strikes out swinging
Batting: LHB Frank McConnell 0-0: Foul Ball, location: 2F
0-1: Ball
1-1: Ball
2-1: Ball
3-1: Foul Ball, location: 2F
3-2: Foul Ball, location: 2F
3-2: Foul Ball, location: 2F
3-2: Ground out U3 (Groundball, 3, EV 106.9 MPH)
Top of the 5th over - 1 run, 1 hit, 0 errors, 0 left on base; Toledo 6 - Rochester 0
BOTTOM OF THE 5TH
Rochester Red Wings batting - Pitching for Toledo Mud Hens : LHP John McRight
Batting: RHB Brett Steele 0-0: Ball
1-0: Ball
2-0: Called Strike
2-1: Swinging Strike
2-2: Ball
3-2: Base on Balls
Batting: RHB Alvin Wiederhold 0-0: Foul Ball, location: 2F
0-1: Called Strike
0-2: Fly out, F9 (Flyball, 9, EV 81.9 MPH)
Batting: RHB J.J. Powers 0-0: Called Strike
0-1: Ball
1-1: Fly out, F9 (Flyball, 9, EV 81.9 MPH)
Batting: RHB Josh Zoglmann 0-0: Ball
1-0: Foul Ball, location: 2F
1-1: Ball
2-1: Foul Ball, location: 2F
2-2: Ball
3-2: Foul Ball, location: 2F
3-2: Ground out 2-3 (Groundball, 15S, EV 73.8 MPH)
Bottom of the 5th over - 0 runs, 0 hits, 0 errors, 1 left on base; Toledo 6 - Rochester 0
TOP OF THE 6TH
Toledo Mud Hens batting - Pitching for Rochester Red Wings : LHP Pete Zamarron
Pitching: RHP Isidro Aguirre
Batting: SHB Raul Morales 0-0: SINGLE (Groundball, 34D, EV 106.9 MPH)
Batting: RHB Casey Knutson 0-0: Ball
1-0: Ball
2-0: Called Strike
2-1: Ball
3-1: Foul Ball, location: 2F
3-2: Foul Ball, location: 2F
3-2: Ground out U3 (Groundball, 13, EV 83.8 MPH)
Raul Morales to second
Batting: RHB Josh Stinnett 0-0: Called Strike
Raul Morales steals 3rd base
0-1: Ball
1-1: Foul Ball, location: 2F
1-2: Strikes out looking
Batting: LHB Jamel Alexander 0-0: Called Strike
0-1: Called Strike
0-2: Ball
1-2: Strikes out looking
Top of the 6th over - 0 runs, 1 hit, 0 errors, 1 left on base; Toledo 6 - Rochester 0
BOTTOM OF THE 6TH
Rochester Red Wings batting - Pitching for Toledo Mud Hens : LHP John McRight
Batting: LHB Matt Patnaude 0-0: Ball
1-0: Reached on error, E6 (Groundball, 4M, EV 105.0 MPH)
Batting: LHB Armando Rendon 0-0: Grounds into double play, 4-6-3 (Groundball, 4, EV 101.2 MPH)
Batting: SHB Aaron Tatar 0-0: Ball
1-0: Called Strike
1-1: Foul Ball, location: 2F
1-2: Ball
2-2: Ground out 6-3 (Groundball, 6, EV 104.4 MPH)
Bottom of the 6th over - 0 runs, 0 hits, 1 error, 0 left on base; Toledo 6 - Rochester 0
TOP OF THE 7TH
Toledo Mud Hens batting - Pitching for Rochester Red Wings : RHP Isidro Aguirre
Batting: RHB Ken DiFerdinando 0-0: Ball
1-0: SINGLE (Flyball, 9S, EV 95.6 MPH)
Batting: LHB Conrad Taylor 0-0: Ball
1-0: Ball
Ken DiFerdinando steals 2nd base (no throw)
2-0: Foul Ball, location: 2F
2-1: 2-RUN HOME RUN (Line Drive, 7D, EV 98.1 MPH), Distance : 377 ft
Pitching: RHP Fernando Macias
Batting: LHB Andy Schumacher 0-0: Foul Ball, location: 2F
0-1: Ball
1-1: SINGLE (Flyball, 6D, EV 93.1 MPH)
Batting: RHB Tim Borden 0-0: Swinging Strike
0-1: Called Strike
0-2: Foul Ball, location: 2F
0-2: Ball
1-2: Ball
2-2: Ball
3-2: Foul Ball, location: 2F
3-2: Strikes out swinging
Batting: LHB Frank McConnell 0-0: Ball
1-0: Ball
2-0: Called Strike
2-1: Ball
3-1: Base on Balls
Andy Schumacher to second
Batting: SHB Raul Morales 0-0: Called Strike
0-1: Foul Ball, location: 2F
0-2: Ball
1-2: Strikes out swinging
Pitching: RHP Mike Ferry
Batting: RHB Casey Knutson 0-0: Ball
1-0: Ball
2-0: Swinging Strike
2-1: Foul Ball, location: 2F
2-2: Foul Ball, location: 2F
2-2: Strikes out swinging
Top of the 7th over - 2 runs, 3 hits, 0 errors, 2 left on base; Toledo 8 - Rochester 0
BOTTOM OF THE 7TH
Rochester Red Wings batting - Pitching for Toledo Mud Hens : LHP John McRight
Batting: RHB Joe Zimmerman 0-0: Called Strike
0-1: Called Strike
0-2: Ball
1-2: SINGLE (Groundball, 4M, EV 102.5 MPH) (infield hit)
Batting: RHB Cesar Yega 0-0: Swinging Strike
0-1: Ball
1-1: Ball
2-1: TRIPLE (Groundball, 5L, EV 106.2 MPH)
Joe Zimmerman scores
Batting: RHB Brett Steele 0-0: Fly out, F4 (Line Drive, 4, EV 66.9 MPH)
Lined into DP, 4-5 (Line Drive, 4, EV 71.9 MPH)
Batting: RHB Alvin Wiederhold 0-0: Ball
1-0: Foul Ball, location: 2F
1-1: Ball
2-1: Ball
3-1: Called Strike
3-2: Strikes out swinging
Bottom of the 7th over - 1 run, 2 hits, 0 errors, 0 left on base; Toledo 8 - Rochester 1
TOP OF THE 8TH
Toledo Mud Hens batting - Pitching for Rochester Red Wings : RHP Mike Ferry
Batting: RHB Josh Stinnett 0-0: Ball
1-0: Called Strike
1-1: Ball
2-1: Ground out 6-3 (Groundball, 6, EV 84.4 MPH)
Batting: LHB Jamel Alexander 0-0: Ball
1-0: Ball
2-0: Foul Ball, location: 2F
2-1: Ball
3-1: Called Strike
3-2: Base on Balls
Batting: RHB Ken DiFerdinando 0-0: Called Strike
0-1: SINGLE (Groundball, 34D, EV 96.2 MPH)
Jamel Alexander to second
Pitching: LHP Angel Vidaurri
Batting: LHB Conrad Taylor 0-0: Ball
1-0: Swinging Strike
1-1: Ball
2-1: Foul Ball, location: 2F
2-2: Ball
3-2: Foul Ball, location: 2F
3-2: Fly out, F8 (Flyball, 8RM, EV 90.6 MPH)
Batting: LHB Andy Schumacher 0-0: Ball
1-0: Ball
2-0: Called Strike
2-1: Foul Ball, location: 2F
2-2: Ground out 4-3 (Groundball, 4MD, EV 103.1 MPH)
Top of the 8th over - 0 runs, 1 hit, 0 errors, 2 left on base; Toledo 8 - Rochester 1
BOTTOM OF THE 8TH
Rochester Red Wings batting - Pitching for Toledo Mud Hens : LHP John McRight
Pitching: RHP Ken Howington
Batting: RHB J.J. Powers 0-0: Foul Ball, location: 2F
0-1: Ball
1-1: SOLO HOME RUN (Flyball, 7D, EV 102.5 MPH), Distance : 376 ft
Batting: RHB Josh Zoglmann 0-0: Ball
1-0: SINGLE (Line Drive, 78S, EV 89.4 MPH)
Batting: LHB Matt Patnaude 0-0: Swinging Strike
0-1: Ball
1-1: Ball
2-1: Swinging Strike
2-2: Fly out, F9 (Line Drive, 9, EV 85.0 MPH)
Batting: LHB Armando Rendon 0-0: Ball
1-0: Ball
2-0: Foul Ball, location: 2F
2-1: Ball
3-1: Base on Balls
Josh Zoglmann to second
Batting: SHB Aaron Tatar 0-0: Called Strike
0-1: Ball
1-1: Fly out, F7 (Line Drive, 7, EV 98.8 MPH)
Batting: RHB Joe Zimmerman 0-0: Swinging Strike
0-1: Foul Ball, location: 2F
0-2: Ball
1-2: Foul Ball, location: 2F
1-2: Strikes out swinging
Bottom of the 8th over - 1 run, 2 hits, 0 errors, 2 left on base; Toledo 8 - Rochester 2
TOP OF THE 9TH
Toledo Mud Hens batting - Pitching for Rochester Red Wings : LHP Angel Vidaurri
Batting: RHB Tim Borden 0-0: Called Strike
0-1: Called Strike
0-2: Ball
1-2: Ball
2-2: Strikes out swinging
Batting: LHB Frank McConnell 0-0: Called Strike
0-1: DOUBLE (Groundball, 3L, EV 105.0 MPH)
Pitching: RHP Antonio Alcaraz
Batting: SHB Raul Morales 0-0: Foul Ball, location: 2F
0-1: Ball
Passed Ball!
Frank McConnell to third
1-1: Ground out 4-3 (Groundball, 4, EV 80.0 MPH)
Frank McConnell scores
Batting: RHB Casey Knutson 0-0: Ground out 6-3 (Groundball, 6, EV 86.9 MPH)
Top of the 9th over - 1 run, 1 hit, 0 errors, 0 left on base; Toledo 9 - Rochester 2
BOTTOM OF THE 9TH
Rochester Red Wings batting - Pitching for Toledo Mud Hens : RHP Ken Howington
Batting: RHB Cesar Yega 0-0: Ball
1-0: Fly out, F5 (Line Drive, 5, EV 70.6 MPH)
Batting: RHB Brett Steele 0-0: Called Strike
0-1: Swinging Strike
0-2: Ground out 4-3 (Groundball, 4D, EV 105.0 MPH)
Batting: RHB Alvin Wiederhold 0-0: Ball
1-0: Called Strike
1-1: Ball
2-1: SINGLE (Groundball, 5S, EV 64.4 MPH) (infield hit)
Batting: RHB J.J. Powers 0-0: Ball
1-0: Foul Ball, location: 2F
1-1: Called Strike
1-2: Strikes out swinging
Bottom of the 9th over - 0 runs, 1 hit, 0 errors, 1 left on base; Toledo 9 - Rochester 2
Wednesday, June 22nd , 2022 - OOTP Baseball 23.4 Build 64